 Dungeon Crawl Stone Soup version 0.29-a0-565-g7a16c6de65 (webtiles) character file.

Game seed: 9738323567949133185

1101 Lekart the Skirmisher (level 8, -2/73 HPs)
             Began as a Black Draconian Chaos Knight on June 12, 2022.
             Was a Plaything of Xom.
             Slain by an orc warrior
             ... wielding a +0 hand axe
              (9 damage)
             ... on level 6 of the Dungeon.
             The game lasted 00:05:48 (4319 turns).

Lekart the Skirmisher (DrCK)                        Turns: 4319, Time: 00:05:48

Health: -2/73      AC:  8    Str: 16    XL:     8   Next: 10%
Magic:  8/8        EV: 12    Int: 16    God:    Xom [..*...]
Gold:   294        SH:  0    Dex: 12    Spells: 7/7 levels left

rFire   . . .      SeeInvis .   n - +1 war axe (freeze)
rCold   . . .      Faith    .   (no shield)
rNeg    . . .      Spirit   .   (body armour unavailable)
rPois   .          Reflect  .   (helmet restricted)
rElec   +          Harm     .   f - +0 cloak
rCorr   .          Rampage  .   e - +0 pair of gloves
Will    .....                   (no boots)
Stlth   +.........              (no amulet)
HPRegen 0.22/turn               (no ring)
MPRegen 0.11/turn               (no ring)

@: invisible
A: breathe lightning, AC +6, unfitting armour, electricity resistance,
cold-blooded, clever 1, strong 1
a: Breathe Lightning, Renounce Religion


You were on level 6 of the Dungeon.
You worshipped Xom.
You were a toy of Xom.
You visited 1 branch of the dungeon, and saw 6 of its levels.

You collected 294 gold pieces.

Inventory:

Hand Weapons
 a - a +1 hand axe of chaos
 n - a +1 war axe of freezing (weapon)
Missiles
 c - 5 javelins (quivered)
 k - 5 poisoned darts
Armour
 e - a +0 pair of gloves (worn)
 f - a +0 cloak (worn)
Scrolls
 i - a scroll of silence
 j - a scroll of teleportation
 m - 2 scrolls of amnesia
 o - a scroll of blinking
 q - a scroll of summoning {unknown}
 s - 2 scrolls of enchant armour {unknown}
Potions
 d - a potion of attraction {unknown}
 g - 4 potions of curing
 h - a potion of heal wounds {unknown}
 l - a potion of lignification {unknown}
 p - a potion of berserk rage
 r - a potion of magic {unknown}
 t - 2 potions of flight {unknown}
 u - a potion of might {unknown}
Miscellaneous
 b - a piece from Xom's chessboard (13/15)


   Skills:
 * Level 7.0 Fighting
 + Level 6.9 Axes
 + Level 3.4 Throwing
 - Level 2.1 Dodging
 + Level 1.4 Evocations


You had 7 spell levels left.
You didn't know any spells.
Your spell library contained the following spells:

 Spells                   Type           Power      Damage    Failure   Level
 Poisonous Vapours        Pois/Air       0%         N/A       36%         2
 Corpse Rot               Necr/Pois/Air  0%         N/A       94%         4
 Petrify                  Tmut/Erth      0%         N/A       94%         4
 Metabolic Englaciation   Hex/Ice        0%         N/A       100%        5
 Statue Form              Tmut/Erth      0%         N/A       100%        6


Dungeon Overview and Level Annotations

Branches:
Dungeon (6/15)
 Temple: D:4-7

Altars:

Annotations:
D:5 3 runed translucent doors, stabb's ghost, weakling DsFE


Innate Abilities, Weirdness & Mutations

You can breathe wild blasts of lightning.
Your glossy black scales are hard. (AC +6)
You cannot fit into any form of body armour.
You are resistant to electric shocks. (rElec)
You are cold-blooded and may be slowed by cold attacks.
Your mind is acute. (Int +2)
Your muscles are strong. (Str +2)


Message History

You slash the ogre! You freeze the ogre. You hit the ogre. You freeze the ogre.
The ogre is heavily wounded.
You hit the orc warrior. You freeze the orc warrior.
The ogre barely misses you. The orc warrior closely misses you.
You strike the helpless ogre from behind!
You slash the ogre! You freeze the ogre.
The ogre is almost dead.
You hit the orc warrior but do no damage.
The orc misses you. The orc warrior misses you.
The ogre hits you with a +0 giant club!!
You are too injured to fight recklessly!
You are too injured to fight recklessly!
You are too injured to fight recklessly!
The orc hits you but does no damage. The orc warrior closely misses you.
The orc closely misses you. The orc priest hits you with a +0 mace.
The ogre misses you.
You hit the orc priest. You freeze the orc priest.
The orc priest is heavily wounded.
You slash the ogre! You freeze the ogre.
You kill the ogre!
You hit the orc warrior but do no damage.
You hit the orc. You freeze the orc. The orc hits you but does no damage.
The orc warrior misses you.
Your piece from Xom's chessboard (13/15) has regained one charge.
Your Fighting skill increases to level 7!
You completely miss the orc priest.
The orc priest is heavily wounded.
You hit the orc. You freeze the orc.
You kill the orc!
You catch the helpless orc warrior completely off-guard!
You hit the orc warrior but do no damage.
The orc priest barely misses you.
The orc warrior hits you with a +0 hand axe!
* * * LOW HITPOINT WARNING * * *
The orc priest mumbles some strange prayers to Beogh against you.
Beogh smites you!
* * * LOW HITPOINT WARNING * * *
The orc warrior hits you with a +0 hand axe!
You die...

#... .....(...[ #...
.......... ##...
......... #...#
....... ##...## #....
.....#### #).#
#......####.†#
#..........o.##
#.>........)@.#
#...........o)......
##.####....###.......
#..# #..### #......
#†.# #..# .....#
###.## #..# ....##
##...## #..# ...#
......# ...# ...#
.......# ...#


You could see an orc warrior (can't see you) and an orc priest (can't see you).

Vanquished Creatures
  An ice beast (D:4)
  A black bear (D:6)
  3 ogres
  A centaur (D:5)
  A bullfrog (D:6)
  A scorpion (D:5)
  A jelly (D:4)
  2 gnoll shamans (D:4)
  4 iguanas
  Jessica (D:2)
  An orc wizard (D:3)
  8 gnolls
  5 adders
  A white imp (D:5)
  An ufetubus (D:5)
  4 worms
  A dart slug (D:1)
  8 orcs
  5 ball pythons
  5 bats
  2 endoplasms
  5 goblins
  8 hobgoblins
  4 jackals (D:4)
  5 quokkas
  6 frilled lizards
  3 kobolds
88 creatures vanquished.

Vanquished Creatures (others)
  A necrophage (D:4)
1 creature vanquished.

Grand Total: 89 creatures vanquished

Notes
Turn   | Place    | Note
-------+----------+-------------------------------------------
     0 | D:1      | Lekart the Draconian Chaos Knight began the quest for the
                  | Orb.
     0 | D:1      | Reached XP level 1. HP: 19/19 MP: 1/1
    48 | D:1      | XOM: silly message
   154 | D:1      | Reached XP level 2. HP: 27/27 MP: 2/2
   169 | D:1      | XOM: silly message
   415 | D:1      | Reached skill level 4 in Fighting
   447 | D:1      | Found a faded altar of an unknown god.
   508 | D:1      | XOM: silly message
   591 | D:2      | Noticed Jessica
   603 | D:2      | Killed Jessica
   604 | D:2      | Reached XP level 3. HP: 20/34 MP: 3/3
   695 | D:2      | XOM: 4-stop teleportation journey
   826 | D:2      | XOM: noise
   997 | D:2      | Reached XP level 4. HP: 41/41 MP: 4/4
  1158 | D:2      | Identified the +3 short sword of the Dancing Shrike
                  | {protect, Str+3}
  1744 | D:3      | XOM: give mutation
  1744 | D:3      | Gained mutation: You are dopey. (Int -2) [Xom's mischief]
  1745 | D:3      | Reached skill level 5 in Fighting
  1796 | D:3      | XOM: blink monster(s)
  1803 | D:3      | Reached XP level 5. HP: 40/48 MP: 5/5
  2290 | D:4      | XOM: give mutations
  2290 | D:4      | Gained mutation: You are frail. (-10% HP) [Xom's mischief]
  2290 | D:4      | Gained mutation: You are weak. (Str -2) [Xom's mischief]
  2394 | D:4      | XOM is BORED!
  2394 | D:4      | XOM: 1-stop teleportation journey
  2406 | D:4      | Reached skill level 1 in Evocations
  2409 | D:4      | Lost mutation: You are frail. (-10% HP) [potion of
                  | mutation]
  2409 | D:4      | Lost mutation: You are dopey. (Int -2) [potion of mutation]
  2409 | D:4      | Lost mutation: You are weak. (Str -2) [potion of mutation]
  2409 | D:4      | Gained mutation: Your mind is acute. (Int +2) [potion of
                  | mutation]
  2409 | D:4      | Gained mutation: Your muscles are strong. (Str +2) [potion
                  | of mutation]
  2610 | D:4      | XOM: divine lightning
  2618 | D:4      | XOM: potion effect (invisibility)
  2622 | D:4      | Reached skill level 5 in Axes
  2751 | D:4      | Noticed an ice beast
  2753 | D:4      | XOM: potion effect (might)
  2766 | D:4      | Killed an ice beast
  2767 | D:4      | Reached XP level 6. HP: 8/57 MP: 6/6
  2817 | D:4      | XOM: noise
  3105 | D:4      | XOM: confuse monster(s)
  3116 | D:4      | Reached skill level 1 in Throwing
  3254 | D:4      | XOM: noise
  3441 | D:4      | Reached skill level 6 in Fighting
  3473 | D:5      | Entered Level 5 of the Dungeon
  3482 | D:5      | Your scales start taking on a glossy black colour.
  3482 | D:5      | Reached XP level 7. HP: 61/63 MP: 7/7
  3482 | D:5      | Gained mutation: You are resistant to electric shocks.
                  | (rElec) [Black Draconian growth]
  3602 | D:5      | XOM: cast spell 'Metabolic Englaciation'
  3635 | D:5      | Noticed stabb's ghost (weakling DsFE)
  3636 | D:5      | Found a runed translucent gate.
  3637 | D:5      | Found a runed translucent gate.
  3642 | D:5      | Found a runed translucent gate.
  3884 | D:5      | XOM: silly message
  4305 | D:6      | XOM: potion effect (invisibility)
  4310 | D:6      | Reached XP level 8. HP: 71/71 MP: 8/8
  4319 | D:6      | Reached skill level 7 in Fighting
  4319 | D:6      | Slain by an orc warrior

Illustrated notes

Levels and vault maps discovered:
D:1:      sevenhm_arrival_forest_fort_small_4, layout_rooms,
          shapermc_ecumenical_altar_mp_highgroup
D:2:      layout_loops_corners, kennysheep_jessica_study
D:3:      layout_rooms, st_stairs_10
D:4:      layout_basic
D:5:      layout_rooms, gammafunk_ghost_split
D:6:      layout_layer_cave, mainiacjoe_overflow_24_doors,
          kennysheep_little_box, minmay_temple_entry_wispy, serial_shops,
          nicolae_shop_hallway_stairs, uniq_crazy_yiuf_cottage

Skill      XL: |  1  2  3  4  5  6  7  8 |
---------------+-------------------------+-----
Fighting       | 4 5 6 7 |  7.0
Axes           | 4 5 6 |  6.9
Evocations     | 1 |  1.4
Throwing       | 1 3 |  3.4
Dodging        | |  2.1

Action                   |  1- 3 |  4- 6 |  7- 9 || total
-------------------------+-------+-------+-------++-------
Melee: Hand axe          |    62 |    65 |       ||   127
       Tailslap          |     4 |     9 |     2 ||    15
       War axe           |       |    69 |    38 ||   107
Throw: Dart              |       |    26 |    22 ||    48
       Javelin           |       |       |     5 ||     5
Evoke: Piece from Xom's  |       |    18 |       ||    18
  Use: Scroll            |     7 |     3 |       ||    10
       Potion            |       |     2 |       ||     2
 Stab: Sleeping          |     1 |     1 |       ||     2
       Petrified         |       |     4 |       ||     4
       Petrifying        |       |     1 |       ||     1
       Paralysed         |       |     1 |       ||     1
       Invisible         |       |       |     5 ||     5
Armor: Skin              |    14 |    40 |    18 ||    72
Dodge: Dodged            |    41 |    66 |    41 ||   148

Table legend: (Time is in decaauts)
 A = Elapsed time spent in this place.
 B = Non-inter-level travel time spent in this place.
 C = Inter-level travel time spent in this place.
 D = Time resting spent in this place.
 E = Time spent auto-exploring this place.
 F = Levels seen in this place.
 G = Mean time per level.
                   A        B        C        D        E       F      G
               +--------+--------+--------+--------+--------+-----+--------+
         Total |   4371 |   4273 |     98 |    266 |   3308 |   6 |  728.5 |
       Dungeon |   4371 |   4273 |     98 |    266 |   3308 |   6 |  728.5 |
               +--------+--------+--------+--------+--------+-----+--------+

Top non-repeatable levels by time:
     D:4: 1402 daAuts
     D:2: 989 daAuts
     D:5: 655 daAuts
     D:3: 592 daAuts
     D:1: 532 daAuts
     D:6: 198 daAuts
